Map: Magma Mines

Players

DrCaligarius

  • Race: Terran Terran
  • League: Platinum
  • Spawn Location: 1:00

Bayard

  • Race: Terran Terran
  • League: Gold
  • Spawn Location: 3:00

Loken - Winner!

  • Race: Protoss Protoss
  • League: Platinum
  • Spawn Location: 9:00

dallaskuken - Winner!

  • Race: Protoss Protoss
  • League: Platinum
  • Spawn Location: 11:00

VOD

Have the link to the VOD?

Description

Time

  • Played on: March 25, 2017, 12:23 p.m.
  • Length: 12:28
Show
View Real Time Build Order
Export as new Build Order

DrCaligarius Terran 

Build Orders: MMM Bio 

Get SALT Encoding   

  12  0:01  SCV  
  13  0:13  SCV  
  14  0:27  Supply Depot  
  14  0:29  SCV  
  15  0:51  Barracks  
  15  1:23  SCV  
  16  1:36  SCV  
  17  1:48  SCV  
  18  2:13  SCV  
  19  2:23  Marine  
  20  2:30  SCV  
  21  2:40  Marine  
  22  2:48  Supply Depot x2  
  22  3:12  SCV  
  23  3:23  Marine  
  23  3:26  Refinery  
  24  3:28  Bunker  
  24  3:32  Supply Depot  
  24  3:40  Orbital Command  
  24  3:43  Refinery  
  24  3:44  Marine  
  25  4:07  Bunker  
  25  4:14  Bunker  
  25  4:16  Marine  
  26  4:18  SCV  
  26  4:21  Supply Depot  
  27  4:30  SCV  
  28  4:32  Factory  
  28  4:33  Marine  
  29  4:43  SCV  
  30  4:59  Marine  
  31  5:01  SCV  
  31  5:05  Command Center  
  32  5:09  Engineering Bay  
  32  5:18  SCV  
  33  5:21  Supply Depot  
  33  5:23  Factory Tech Lab  
  33  5:24  Starport  
  33  5:28  Barracks Tech Lab  
  33  5:33  SCV  
  34  5:45  Siege Tank  
  37  5:50  Missile Turret, Liberator  
  37  5:55  Stimpack  
  36  6:34  Orbital Command  
  36  6:35  SCV  
  37  6:42  Marine  
  38  6:47  SCV  
  38  6:48  Barracks  
  38  6:49  Barracks  
  39  6:57  Starport Reactor  
  39  6:59  SCV  
  39  7:00  Marine  
  41  7:09  Terran Infantry Weapons Level 1  
  41  7:11  SCV  
  42  7:25  Orbital Command  
  38  8:07  Marine  
  34  8:13  SCV  
  34  8:15  Missile Turret  
  35  8:20  Missile Turret x2  
  35  8:25  SCV x2, Marine  
  38  8:29  Missile Turret  
  38  8:31  Barracks Reactor x2  
  38  8:37  SCV  
  39  8:43  Marine  
  39  8:45  Engineering Bay  
  39  8:46  Medivac  
  39  8:47  SCV  
  43  8:49  SCV  
  43  8:54  Refinery x2  
  44  8:59  SCV  
  44  9:00  Marine  
  44  9:01  SCV, Command Center  
  44  9:02  Combat Shields  
  47  9:09  Marine x4  
  51  9:11  SCV  
  51  9:14  SCV  
  53  9:18  Marine  
  53  9:24  SCV, Supply Depot  
  55  9:25  Armory  
  55  9:26  SCV  
  55  9:27  Marine x2  
  58  9:36  SCV  
  58  9:38  SCV  
  60  9:48  SCV  
  60  9:50  SCV  
  62  9:57  Supply Depot  
  62  9:58  Marine x5  
  67  10:00  SCV  
  67  10:02  SCV  
  69  10:10  Medivac x2  
  69  10:12  SCV  
  74  10:14  SCV  
  74  10:15  Marine  
  74  10:16  Marine, Supply Depot  
  74  10:17  Missile Turret  
  74  10:18  Supply Depot  
  74  10:20  Missile Turret  
  77  10:23  Marine x3  
  80  10:33  Marine  
  76  10:43  Orbital Command  
  59  10:52  Marine  
  59  10:53  Marine x4  
  56  11:10  Marine x3  
  56  11:11  Marine x2  
  60  11:19  Missile Turret  
  60  11:20  Missile Turret  
  58  11:28  Marine x2  
Show
View Real Time Build Order
Export as new Build Order

Bayard Terran 

Build Orders:  

Get SALT Encoding   

  12  0:02  SCV  
  13  0:18  SCV  
  14  0:24  Supply Depot  
  14  0:29  Refinery  
  14  0:50  Barracks  
  14  1:18  SCV  
  15  1:40  Marine  
  16  1:56  Orbital Command  
  16  1:58  Marine  
  17  2:15  Marine  
  18  2:31  Factory  
  18  2:33  Marine  
  18  3:16  Factory Tech Lab  
  16  3:59  Supply Depot  
  15  4:21  Siege Tank  
  13  4:53  Siege Tank  
  13  4:58  Orbital Command  
  15  5:13  Engineering Bay  
  15  5:50  SCV  
  15  5:52  Missile Turret  
  15  6:02  SCV  
  8  6:14  SCV  
  9  6:25  Factory Tech Lab  
  9  6:26  SCV  
  10  6:38  Refinery, SCV  
  11  6:46  Supply Depot  
  11  6:50  SCV  
  12  7:03  SCV  
  13  7:15  SCV  
  14  7:27  SCV  
  15  7:31  Barracks Reactor  
  15  7:39  SCV  
  17  7:51  SCV  
  17  8:03  SCV  
  12  8:17  SCV, Command Center, Refinery  
  13  8:29  SCV  
  13  8:30  Missile Turret  
  14  8:41  SCV  
  14  8:47  Supply Depot  
  15  8:53  SCV  
  16  8:59  Widow Mine  
  18  9:04  Marine x2  
  18  9:05  SCV  
  21  9:17  SCV  
  21  9:20  Supply Depot  
  22  9:29  SCV  
  22  9:31  Marine x2  
  25  9:44  Widow Mine  
  27  9:49  Marine x2  
  27  9:50  Orbital Command  
  29  10:06  Refinery  
  27  10:12  Widow Mine  
  29  10:32  SCV  
  30  10:41  Widow Mine  
  32  10:44  SCV  
  33  11:09  Widow Mine  
  35  11:27  SCV  
  36  11:38  Widow Mine  
  36  11:39  SCV  
  39  11:51  SCV  
Show
View Real Time Build Order
Export as new Build Order

Loken Protoss - Winner!

Build Orders:  

Get SALT Encoding   

  12  0:01  Probe (Chrono Boost)  
  13  0:12  Probe (Chrono Boost)  
  14  0:21  Pylon  
  14  0:23  Probe (Chrono Boost)  
  15  0:39  Probe (Chrono Boost)  
  16  0:44  Pylon  
  16  0:57  Forge  
  15  1:12  Gateway x2  
  15  1:15  Probe (Chrono Boost)  
  16  1:43  Probe (Chrono Boost)  
  16  1:46  Assimilator  
  17  1:49  Photon Cannon  
  18  1:54  Probe (Chrono Boost)  
  18  1:55  Pylon  
  18  2:15  Photon Cannon  
  18  2:23  Pylon  
  19  2:37  Probe (Chrono Boost)  
  19  2:44  Cybernetics Core  
  19  2:47  Probe (Chrono Boost)  
  20  2:53  Photon Cannon  
  20  2:55  Photon Cannon  
  20  2:56  Photon Cannon  
  20  3:03  Probe (Chrono Boost)  
  21  3:14  Probe (Chrono Boost)  
  22  3:27  Warp Gate  
  22  3:31  Pylon  
  22  3:47  Adept  
  22  3:48  Adept  
  26  3:51  Assimilator  
  26  3:54  Probe (Chrono Boost)  
  27  3:57  Pylon  
  27  4:06  Probe (Chrono Boost)  
  27  4:09  Photon Cannon  
  28  4:11  Photon Cannon  
  28  4:17  Photon Cannon  
  29  4:18  Probe (Chrono Boost)  
  29  4:28  Adept x2  
  33  4:38  Photon Cannon  
  33  4:42  Pylon  
  34  5:08  Probe (Chrono Boost)  
  34  5:27  Photon Cannon  
  34  5:31  Photon Cannon  
  34  5:42  Stargate  
  34  5:44  Stargate  
  26  6:27  Stalker x2  
  30  6:36  Oracle x2  
  36  6:59  Pylon, Nexus  
  36  7:11  Oracle  
  36  7:13  Oracle  
  36  7:15  Pylon  
  39  7:18  Assimilator  
  39  7:22  Assimilator  
  42  7:36  Zealot  
  42  7:37  Zealot  
  36  8:14  Stalker x2  
  40  8:23  Probe (Chrono Boost)  
  40  8:27  Probe (Chrono Boost)  
  43  8:34  Probe (Chrono Boost)  
  43  8:37  Pylon  
  43  8:39  Probe (Chrono Boost)  
  44  8:44  Probe (Chrono Boost)  
  45  8:49  Oracle, Pylon  
  45  8:51  Probe (Chrono Boost)  
  45  8:54  Oracle  
  45  8:55  Probe (Chrono Boost)  
  54  9:03  Probe (Chrono Boost)  
  54  9:06  Probe (Chrono Boost)  
  55  9:15  Probe (Chrono Boost)  
  57  9:17  Probe (Chrono Boost)  
  57  9:27  Probe (Chrono Boost)  
  57  9:28  Oracle x2, Probe (Chrono Boost)  
  66  9:39  Probe (Chrono Boost)  
  66  9:40  Probe (Chrono Boost), Protoss Air Weapons Level 1  
  68  9:53  Probe (Chrono Boost)  
  68  9:54  Stalker x2  
  72  10:05  Probe (Chrono Boost)  
  73  10:12  Photon Cannon  
  73  10:16  Photon Cannon  
  73  10:19  Photon Cannon  
  64  11:13  Oracle  
  64  11:14  Oracle  
  64  11:22  Stalker x2  
  74  11:33  Nexus  
  74  11:34  Pylon x2  
  74  11:41  Pylon  
  74  11:43  Pylon  
  74  11:44  Oracle  
  74  11:47  Oracle  
Show
View Real Time Build Order
Export as new Build Order

dallaskuken Protoss - Winner!

Build Orders:  

Get SALT Encoding   

  12  0:01  Probe (Chrono Boost)  
  13  0:19  Pylon  
  13  0:22  Probe (Chrono Boost)  
  14  0:37  Forge  
  14  0:40  Probe (Chrono Boost)  
  15  0:52  Pylon  
  15  1:09  Pylon  
  15  1:15  Pylon  
  15  1:27  Pylon  
  15  1:38  Pylon  
  15  1:49  Pylon  
  15  1:57  Photon Cannon  
  15  1:59  Photon Cannon  
  15  2:02  Photon Cannon  
  15  2:17  Pylon  
  15  2:29  Pylon  
  15  2:48  Photon Cannon  
  15  3:09  Probe (Chrono Boost)  
  15  3:19  Probe (Chrono Boost)  
  16  3:23  Gateway  
  16  3:30  Probe (Chrono Boost)  
  17  3:47  Pylon  
  17  3:53  Nexus  
  17  4:00  Pylon  
  17  4:03  Probe (Chrono Boost)  
  18  4:14  Cybernetics Core  
  18  4:18  Photon Cannon  
  18  4:25  Photon Cannon  
  18  4:33  Assimilator  
  18  4:38  Assimilator  
  18  4:51  Assimilator  
  18  4:57  Assimilator  
  18  4:58  Probe (Chrono Boost)  
  19  5:09  Probe x2 (Chrono Boost)  
  21  5:19  Probe (Chrono Boost)  
  21  5:20  Probe (Chrono Boost)  
  23  5:30  Probe (Chrono Boost)  
  23  5:35  Stargate  
  24  5:41  Probe (Chrono Boost)  
  25  5:47  Probe (Chrono Boost)  
  26  5:51  Probe (Chrono Boost)  
  27  5:57  Probe (Chrono Boost)  
  27  6:02  Probe (Chrono Boost)  
  29  6:08  Probe (Chrono Boost)  
  30  6:13  Probe (Chrono Boost)  
  32  6:18  Stargate, Probe (Chrono Boost)  
  32  6:19  Void Ray  
  32  6:22  Stargate  
  32  6:23  Probe (Chrono Boost)  
  37  6:34  Probe (Chrono Boost)  
  37  6:37  Nexus  
  38  6:44  Probe (Chrono Boost)  
  39  6:55  Probe (Chrono Boost)  
  39  7:00  Probe (Chrono Boost)  
  41  7:05  Probe (Chrono Boost)  
  41  7:07  Pylon  
  42  7:09  Pylon x2  
  42  7:10  Probe (Chrono Boost)  
  43  7:16  Probe (Chrono Boost)  
  43  7:21  Probe (Chrono Boost)  
  45  7:26  Probe (Chrono Boost)  
  46  7:31  Probe (Chrono Boost)  
  46  7:35  Void Ray  
  52  7:37  Probe (Chrono Boost)  
  52  7:42  Probe (Chrono Boost)  
  53  7:44  Void Ray  
  53  7:47  Probe (Chrono Boost)  
  58  7:52  Probe (Chrono Boost)  
  59  8:03  Probe (Chrono Boost)  
  60  8:06  Void Ray  
  65  8:12  Probe (Chrono Boost)  
  65  8:15  Assimilator  
  65  8:19  Assimilator  
  66  8:20  Probe (Chrono Boost)  
  66  8:22  Void Ray  
  66  8:23  Probe (Chrono Boost)  
  71  8:27  Void Ray  
  71  8:30  Probe (Chrono Boost)  
  76  8:41  Probe (Chrono Boost)  
  77  8:46  Fleet Beacon  
  77  8:50  Void Ray  
  81  9:00  Protoss Air Weapons Level 1  
  81  9:04  Void Ray  
  81  9:09  Void Ray  
  84  9:33  Void Ray  
  88  9:47  Void Ray  
  88  9:48  Pylon  
  88  9:49  Pylon  
  88  9:51  Pylon  
  92  10:06  Void Ray  
  96  10:15  Carrier  
  102  10:30  Carrier  
  108  10:48  Carrier  
Tags
 
Add a new tag
Caveats
  • Supply blocks, unpowered buildings, or Contaminate may cause inaccurate times.
  • Supply counts are checked every 10 seconds.